 Dungeon Crawl Stone Soup version 0.22-a0-782-g038298e (webtiles) character file.

360 Kuinu the Firebug (level 6, -2/45 HPs)
             Began as a Draconian Fire Elementalist on July 20, 2018.
             Killed by divine providence
             ... invoked by an orc priest
              (15 damage)
             ... on level 4 of the Dungeon.
             The game lasted 00:17:50 (4052 turns).

Kuinu the Firebug (Draconian Fire Elementalist)     Turns: 4052, Time: 00:17:51

Health: -2/45      AC:  6    Str: 10    XL:     6   Next: 38%
Magic:  19/20      EV: 13    Int: 17    God:
Gold:   260        SH:  3    Dex: 12    Spells: 1/12 levels left

rFire    + . .     SeeInvis .   d - +0 short sword
rCold    . . .     Gourm    .   (no shield)
rNeg     . . .     Faith    .   (armour unavailable)
rPois    .         Spirit   .   (helmet restricted)
rElec    .         Reflect  +   (no cloak)
rCorr    .         Harm     .   (no gloves)
MR       .....                  (no boots)
Stlth    ++........             m - +3 amulet of reflection
HPRegen  0.15/turn              c - ring of magical power
MPRegen  0.17/turn              i - ring of protection from fire

@: no status effects
A: unfitting armour, cold-blooded, AC +6
a: no special abilities


You were on level 4 of the Dungeon.
You were not hungry.

You visited 1 branch of the dungeon, and saw 5 of its levels.

You collected 260 gold pieces.

Inventory:

Hand Weapons
 d - a +0 short sword (weapon)
 e - a cursed -2 flail
Jewellery
 c - a ring of magical power (left hand)
 i - a ring of protection from fire (right hand)
 m - a +3 amulet of reflection (around neck)
Scrolls
 g - a scroll of blinking {unknown}
 h - 2 scrolls of teleportation
 j - 2 scrolls of identify {unknown}
 r - a scroll of amnesia {unknown}
 s - 2 scrolls of immolation {unknown}
 t - a scroll of fog {unknown}
 u - a scroll of enchant weapon {unknown}
 v - 2 scrolls of magic mapping {unknown}
Potions
 f - a potion of curing
 n - a potion of might {unknown}
 o - a potion of resistance {unknown}
 p - 2 potions of degeneration {unknown}
 q - a potion of flight {unknown}
Comestibles
 b - 8 rations


   Skills:
 + Level 2.6 Dodging
 + Level 2.8 Stealth
 * Level 3.5 Spellcasting
 * Level 3.3 Conjurations
 * Level 4.4 Fire Magic


You had one spell level left.
You knew the following spells:

 Your Spells              Type           Power        Failure   Level  Hunger
a - Flame Tongue          Conj/Fire      ###..        3%          1    None
b - Throw Flame           Conj/Fire      ###...       4%          2    ##.....
c - Conjure Flame         Conj/Fire      ###.....     10%         3    ###....
d - Fireball              Conj/Fire      ###.......   67%         5    ######.

Your spell library contained the following spells:

 Spells                   Type           Power        Failure   Level  Hunger
 Sticky Flame             Conj/Fire      ###.....     32%         4    ####...
 Inner Flame              Hex/Fire       ##......     21%         3    ###....


Dungeon Overview and Level Annotations

Branches:
Dungeon (5/15)
 Temple: D:4-7

Altars:
Elyvilon
Gozag
Wu Jian
Zin
The Shining One

Shops:
D:4 %


Innate Abilities, Weirdness & Mutations

Your plain brown scales are hard. (AC +6)
You cannot fit into any form of body armour.
You are cold-blooded and may be slowed by cold attacks.


Message History

The orc priest invokes the aid of Beogh against you.
You barely resist. The orc priest closely misses you.
You see here a mace.
The orc priest hits you with a flail.
* * * LOW HITPOINT WARNING * * *
There is an open door here.
There isn't anything here!
You can't go up here!
There isn't anything here!
Casting: Throw Flame (safe; 4% risk of failure)
Confirm with . or Enter, or press ? or * to list all spells.
Aiming: Conjure Flame (safe; 10% risk of failure)
Press: ? - help, Dir - move target cursor The fire ignites!
There is an open door here.
There is an open door here.
The orc priest looks braver for a moment.
The orc priest mumbles some strange prayers to Beogh against you.
Beogh smites you!
You die...

######.......######..#######.....
#.......'.............'.....
#.......#.............#.....
#.......#.............#.....
#.......#...##....##..#.....
#.......#...##....##..#.....
#.......#.............#.....
#.......######....#####...<.
#.......)..@.######.........
######...........................
.................................
..................>.........##'##
.....................o......'....
............................#....
###############'##.....o#####....
.............'...#......'..'.....
.............#...#......#..#...[.


You could see 2 orc priests.

Vanquished Creatures
  A bullfrog (D:4)
  2 orc priests (D:4)
  An iguana (D:3)
  2 orc wizards (D:4)
  A gnoll (D:1)
  6 adders
  3 worms
  A dart slug (D:3)
  2 leopard geckos
  10 orcs
  A ball python (D:4)
  10 bats
  8 giant cockroaches
  7 goblins
  5 hobgoblins
  6 jackals
  5 frilled lizards
  7 kobolds
  A quokka skeleton (D:4)
  6 rats
85 creatures vanquished.

Notes
Turn   | Place    | Note
-------+----------+-------------------------------------------
     0 | D:1      | Kuinu the Draconian Fire Elementalist began the quest for the Orb.
     0 | D:1      | Reached XP level 1. HP: 14/14 MP: 3/3
    49 | D:1      | Reached XP level 2. HP: 20/20 MP: 1/5
    53 | D:1      | Learned a level 2 spell: Throw Flame
   801 | D:2      | Reached XP level 3. HP: 26/26 MP: 6/6
   807 | D:2      | Learned a level 3 spell: Conjure Flame
  1476 | D:3      | Reached XP level 4. HP: 31/33 MP: 7/7
  1930 | D:3      | Found an ornate altar of the Wu Jian Council.
  1932 | D:3      | Found an opulent altar of Gozag.
  2504 | D:3      | Reached XP level 5. HP: 38/38 MP: 8/9
  3182 | D:4      | Reached skill level 4 in Fire Magic
  3320 | D:4      | Reached XP level 6. HP: 33/45 MP: 0/11
  3328 | D:4      | Learned a level 5 spell: Fireball
  3727 | D:4      | Found a glowing silver altar of Zin.
  3727 | D:4      | Found a glowing golden altar of the Shining One.
  3728 | D:4      | Found a white marble altar of Elyvilon.
  3785 | D:4      | Found Cegudej's Food Boutique.
  4025 | D:5      | Entered Level 5 of the Dungeon
  4052 | D:4      | Killed from afar by an orc priest

Vault maps used:
D:1:      ncdulo_halloftheorcs, grunt_decor_cap, minmay_statues_item
D:3:      wad_river_or_something, gammafunk_temple_overflow_pools, first_ration
D:4:      good_gods_temple_1, serial_shops, shop
D:5:      gammafunk_ghost_cemetery, nrook_uturn

Skill      XL: |  1  2  3  4  5 |
---------------+----------------+-----
Stealth        | 2 |  2.8
Dodging        | 2 |  2.6
Conjurations   | 2 3 |  3.3
Spellcasting   | 3 |  3.5
Fire Magic     | 4 |  4.4

Action                   |  1- 3 |  4- 6 || total
-------------------------+-------+-------++-------
Melee: Short sword       |       |    28 ||    28
       Tailslap          |       |     3 ||     3
 Cast: Flame Tongue      |    62 |    73 ||   135
       Conjure Flame     |     1 |     6 ||     7
       Throw Flame       |       |    38 ||    38
  Use: Scroll            |     1 |       ||     1
       Potion            |       |     5 ||     5
 Stab: Sleeping          |       |     1 ||     1
  Eat: Chunk             |     2 |     8 ||    10
       Ration            |       |     1 ||     1
Armor: Skin              |     4 |    11 ||    15
Dodge: Dodged            |    12 |    34 ||    46
Block: Other             |     6 |     7 ||    13

Table legend:
 A = Spawn XP
 B = Non-spawn XP
 C = Spawn XP percentage of total XP
 D = Spawn monster count
 E = Non-spawn monster count
 F = Spawn count percentage of total count
 G = Total turns spent on level
                    A         B        C        D         E        F      G
               +---------+---------+-------+---------+---------+-------+---------
         Total |       0 |     515 |   0.0 |       0 |      85 |   0.0 |  4052
               +---------+---------+-------+---------+---------+-------+---------
           D:1 |       0 |      38 |   0.0 |       0 |      15 |   0.0 |   775
           D:2 |       0 |      58 |   0.0 |       0 |      20 |   0.0 |   673
           D:3 |       0 |     117 |   0.0 |       0 |      34 |   0.0 |  1510
           D:4 |       0 |     302 |   0.0 |       0 |      16 |   0.0 |  1086
               +---------+---------+-------+---------+---------+-------+---------
